 Dungeon Crawl Stone Soup version 0.29.1-1-gd02db6906a (webtiles) character file.

Game seed: 3906566322862727281

49 Iusername the Shield-Bearer (level 3, -1/33 HPs)
             Began as a Minotaur Fighter on Sept 28, 2022.
             Was an Elder of Ignis.
             Slain by Grinder (4 damage)
             ... on level 3 of the Dungeon.
             The game lasted 00:05:43 (2214 turns).

Iusername the Shield-Bearer (Minotaur Fighter)      Turns: 2214, Time: 00:05:43

Health: -1/33      AC:  8    Str: 26    XL:     3   Next: 51%
Magic:  2/2        EV:  9    Int:  7    God:    Ignis [****..]
Gold:   134        SH:  4    Dex:  9    Spells: 2/2 levels left

rFire   + . .      SeeInvis .   q - +3 dagger "Soxonoq" {drain, rC+ Str+4 Int+2}
rCold   + . .      Faith    .   c - +0 buckler
rNeg    . . .      Spirit   .   b - +0 scale mail
rPois   .          Reflect  .   (helmet restricted)
rElec   .          Harm     .   j - +0 cloak
rCorr   .          Rampage  .   (no gloves)
Will    .....                   (no boots)
Stlth   ..........              (no amulet)
HPRegen 0.11/turn               (no ring)
MPRegen 0.08/turn               (no ring)

@: no status effects
A: horns 2, retaliatory headbutt
a: Renounce Religion, Fiery Armour, Foxfire Swarm, Rising Flame


You were on level 3 of the Dungeon.
You worshipped Ignis.
Ignis was greatly pleased with you.
You visited 1 branch of the dungeon, and saw 3 of its levels.

You collected 134 gold pieces.

Inventory:

Hand Weapons
 a - a +0 long sword
 q - the +3 dagger "Soxonoq" (weapon) {drain, rC+ Str+4 Int+2}
   (You found it on level 2 of the Dungeon)

   A truly terrible weapon, it drains the life of any living foe it strikes.
   Str:       It affects your strength (+4).
   Int:       It affects your intelligence (+2).
   rC:        It protects you from cold.
Armour
 b - a +0 scale mail (worn)
 c - a +0 buckler (worn)
 j - a +0 cloak (worn)
Scrolls
 e - a scroll of magic mapping {unknown}
 g - a scroll of amnesia {unknown}
 h - a scroll of poison {unknown}
 k - a scroll of identify {unknown}
 m - a scroll of butterflies {unknown}
 n - a scroll of teleportation {unknown}
 p - 2 scrolls of summoning {unknown}
 s - a scroll of fear {unknown}
Potions
 d - a potion of might
 f - 2 potions of curing
 i - a potion of heal wounds {unknown}
 l - a potion of resistance {unknown}
 o - a potion of flight {unknown}
 r - a potion of magic {unknown}


   Skills:
 + Level 4.2 Fighting
 + Level 2.9 Long Blades
 + Level 4.2 Armour
 + Level 0.3 Dodging
 + Level 4.2 Shields


You had 2 spell levels left.
You didn't know any spells.
Your spell library contained the following spells:

 Spells                   Type           Power      Damage    Failure   Level
 Ensorcelled Hibernation  Hex/Ice        0%         N/A       90%         2
 Passwall                 Tmut/Erth      0%         N/A       90%         2
 Gell's Gravitas          Tloc           0%         N/A       99%         3
 Lesser Beckoning         Tloc           0%         N/A       99%         3
 Swiftness                Air            0%         N/A       99%         3
 Teleport Other           Tloc           0%         N/A       99%         3


Dungeon Overview and Level Annotations

Branches:
Dungeon (3/15)

Altars:
Ignis

Annotations:
D:3 Grinder


Innate Abilities, Weirdness & Mutations

You have a pair of horns on your head.
You reflexively headbutt those who attack you in melee.


Message History

Grinder hits you but does no damage.
You hit Grinder but do no damage. You headbutt Grinder!
Grinder is severely wounded.
Grinder gestures at you.
You suddenly lose the ability to move!
Grinder barely misses you. Grinder hits you but does no damage.
Grinder hits you but does no damage.
The hobgoblin hits you but does no damage.
You can move again.
You closely miss Grinder.
Grinder is heavily wounded.
Grinder hits you.
You writhe in agony.
The hobgoblin hits you but does no damage.
Grinder blinks!
The hobgoblin hits you.
Unknown command.
The hobgoblin closely misses you.
You hit the hobgoblin.
The hobgoblin is almost dead.
The hobgoblin completely misses you.
You closely miss the hobgoblin. You headbutt the hobgoblin.
You kill the hobgoblin!
Grinder gestures at you. Pain shoots through your body!
* * * LOW HITPOINT WARNING * * *
It was a potion of curing.
You feel better.
You feel stronger.
You feel clever.
You sense an unholy aura.
q - the +3 dagger "Soxonoq" (weapon)
{drain, rC+ Str+4 Int+2} Grinder hits you.
* * * LOW HITPOINT WARNING * * *
Grinder hits you.
* * * LOW HITPOINT WARNING * * *
You hit Grinder.
Grinder is severely wounded.
Grinder closely misses you.
You hit Grinder but do no damage. You headbutt Grinder!
Grinder is almost dead.
Grinder hits you.
You die...

.............#.
................
....#######..#..#
##### .#. .# .( .. .#
#.. #.######... .# #.#
#.##.......... ## #.##
#............. #..
####5@####... #.#
#............
######.##
#.##..#####.#
........####.###.###
##......##..........
#.###..##..........
##'###..##.#.###......
....##.......# #......
....###.##.### #......


You could see Grinder.

Vanquished Creatures
  An adder (D:2)
  A worm (D:2)
  4 endoplasms
  3 goblins (D:2)
  6 hobgoblins
  A jackal (D:1)
  8 kobolds
  2 quokkas
  3 ball pythons (D:2)
  A frilled lizard (D:1)
  4 rats (D:2)
34 creatures vanquished.

Notes
Turn   | Place    | Note
-------+----------+-------------------------------------------
     0 | D:1      | Iusername the Minotaur Fighter began the quest for the Orb.
     0 | D:1      | Reached XP level 1. HP: 19/19 MP: 0/0
   345 | D:1      | Reached XP level 2. HP: 21/27 MP: 1/1
   475 | D:1      | Found a faded altar of an unknown god.
   537 | D:1      | Prayed at the altar of an unknown god.
   537 | D:1      | Became a worshipper of Ignis, the Dying Flame
  1037 | D:2      | HP: 1/27 [hobgoblin (2)]
  1601 | D:2      | Reached XP level 3. HP: 33/33 MP: 2/2
  1612 | D:2      | Identified the +3 dagger "Soxonoq" {drain, rC+ Str+4 Int+2}
  2095 | D:3      | Identified the +2 dagger "Xuariden" {freeze, +Blink rElec}
  2199 | D:3      | Noticed Grinder
  2202 | D:3      | Paralysed by Grinder for 4 turns
  2209 | D:3      | HP: 1/33 [Grinder/nerve-wracking pain (13)]
  2214 | D:3      | Slain by Grinder

Illustrated notes

Levels and vault maps discovered:
D:1:      dpeg_arrival_brainrot, layout_basic,
          hellmonk_ecumenical_altar_run_dry, st_stairs_2
D:2:      layout_basic, chequers_serial_rivers_small_b
D:3:      layout_basic, minmay_misc_feat_alley, uniq_grinder

Skill      XL: |  1  2 |
---------------+-------+-----
Shields        | 4 |  4.2
Armour         | 4 |  4.2
Fighting       | 4 |  4.2
Long Blades    | |  2.9
Dodging        | |  0.3

Action                   || total
-------------------------++-------
Melee: Long sword        ||    80
       Headbutt          ||    15
       Dagger            ||     2
Invok: Fiery Armour      ||     3
  Use: Potion            ||     1
Armor: Scale mail        ||    47
Dodge: Dodged            ||    45
Block: Buckler           ||    13
